 Dungeon Crawl Stone Soup version 0.20.1-1-g8b1a95d (webtiles) character file.

1439 Lorindel the Magician (level 8, -5/45 HPs)
             Began as a Deep Elf Conjurer on July 17, 2017.
             Was a Follower of Sif Muna.
             Killed by divine providence
             ... invoked by an orc priest
              (17 damage)
             ... on level 6 of the Dungeon.
             The game lasted 00:50:54 (7075 turns).

Lorindel the Magician (Deep Elf Conjurer)           Turns: 7075, Time: 00:50:55

Health: -5/45      AC:  6    Str:  8    XL:     8   Next: 45%
Magic:  8/21       EV: 14    Int: 23    God:    Sif Muna [*.....]
Gold:   232        SH:  0    Dex: 15    Spells: 7/21 levels left

rFire    . . .     SeeInvis .   m - -1 dagger (curse)
rCold    . . .     Gourm    .   (no shield)
rNeg     . . .     Faith    .   p - +1 robe
rPois    .         Spirit   .   o - +0 helmet
rElec    .         Reflect  .   (no cloak)
rCorr    .         Harm     .   (no gloves)
MR       .....                  w - +1 pair of boots of Akholeny {Regen+ Str+3 Slay-3 Stlth+}
Stlth    ++++......             t - amulet of regeneration
Regen    1.0/turn               (no ring)
MPRegen  0.2/turn               (no ring)

@: no status effects
A: no striking features
a: Divine Energy, Renounce Religion


You were on level 6 of the Dungeon.
You worshipped Sif Muna.
Sif Muna was aware of your devotion.
You were not hungry.

You visited 1 branch of the dungeon, and saw 6 of its levels.

You collected 232 gold pieces.

Inventory:

Hand Weapons
 a - a +1 quarterstaff
 e - a +0 club
 f - a +0 short sword of venom
 g - a +0 short sword
 j - a +0 spear
 m - a cursed -1 dagger (weapon)
 q - a +2 hand axe of venom
 v - a +2 dagger of venom
 y - a +0 longbow
 A - the +6 long sword of the Forgotten Stories {antimagic, rElec Dex+2}
   (You found it on level 5 of the Dungeon)

   It reduces the magical energy of the wielder, and disrupts the spells and
   magical abilities of those hit.
   Natural abilities and divine invocations are not affected.
   It affects your dexterity (+2).
   It insulates you from electricity.
 B - a +0 antimagic spear
Armour
 o - a +0 helmet (worn)
 p - a +1 robe (worn)
 w - the +1 pair of boots of Akholeny (worn) {Regen+ Str+3 Slay-3 Stlth+}
   (You found it on level 4 of the Dungeon)

   It affects your strength (+3).
   It affects your accuracy and damage with ranged weapons and melee attacks
   (-3).
   It increases your rate of regeneration.
   It makes you more stealthy.
Jewellery
 t - an amulet of regeneration (around neck)
 x - an uncursed ring of protection from magic {unknown}
Wands
 z - a wand of random effects (25/48)
Potions
 d - 2 potions of curing
 i - a potion of haste {unknown}
 n - a potion of agility {unknown}
 r - a potion of invisibility {unknown}
 u - a potion of ambrosia {unknown}
Books
 b - a book of Conjurations

   Spells                             Type                      Level
   a - Magic Dart                     Conjuration                  1
   b - Searing Ray                    Conjuration                  2
   c - Dazzling Spray                 Conjuration/Hexes            3
   d - Fulminant Prism                Conjuration/Hexes            4
   e - Force Lance                    Conjuration/Translocation    4
   f - Iskenderun's Mystic Blast      Conjuration                  4
Comestibles
 c - 3 bread rations
 h - 6 fruits
 k - 3 meat rations
 l - 6 royal jellies
 s - 10 chunks of flesh


   Skills:
 + Level 2.8 Fighting
 + Level 2.9 Staves
 + Level 4.3 Dodging
 + Level 5.3 Stealth
 * Level 7.4 Spellcasting
 + Level 5.5 Conjurations
 + Level 3.6 Hexes
 + Level 3.0 Translocations
 + Level 2.2 Invocations
 + Level 0.4 Evocations


You had 7 spell levels left.
You knew the following spells:

 Your Spells              Type           Power        Failure   Level  Hunger
a - Magic Dart            Conj           ####         1%          1    None
b - Searing Ray           Conj           ####..       1%          2    None
c - Dazzling Spray        Conj/Hex       ####..       3%          3    None
d - Force Lance           Conj/Tloc      ####....     12%         4    ###....
e - Iskenderun's Mystic   Conj           ####....     8%          4    ###....


Dungeon Overview and Level Annotations

Branches:
Dungeon (6/15)
 Temple: D:4-7

Altars:
Sif Muna


Message History

You butcher the bullfrog corpse.
s - 10 chunks of flesh (gained 4)
Things that are here:
an antimagic spear; a gnoll skeleton
B - an antimagic spear An orc priest comes into view.
You see here an iguana skeleton.
The orc priest invokes the aid of Beogh against you.
Beogh smites you!
You hear a shout!
Unknown command.
The orc priest calls down the wrath of Beogh upon you.
Beogh smites you!
You see here a bullfrog skeleton.
The orc priest calls down the wrath of Beogh upon you.
Beogh smites you!
* * * LOW HITPOINT WARNING * * *
The orc priest calls down the wrath of Beogh upon you.
Beogh smites you!
You die...

#..(.....# #.<......######
#####.........# #.........##
#......#...######
###......#.#......####
#...(.....#...#.......####
###.......###...#####....##
#..#.........@...........###
#.##...........######..#...###
#. #............######........
. #.....#.........# ####...##
.......###..#.รท#.## #.....
....###......#.....# ##.5##
.... ##.....##..o.######...#
.. #....>###)..##.....#..
#.....####.....###....


You could see an orc priest.

Vanquished Creatures
  2 ice beasts (D:6)
  A black bear (D:4)
  An ogre (D:4)
  3 bullfrogs
  2 scorpions
  A water moccasin skeleton (D:4)
  A howler monkey (D:4)
  2 crimson imps (D:5)
  The ghost of Gatuga the Magician, a weakling DEEE (D:3)
  A jelly (D:5)
  2 centaur skeletons (D:4)
  2 hounds
  3 orc wizards
  2 worker ants (D:4)
  An iguana (D:6)
  A hound skeleton (D:6)
  A mummy (D:5)
  2 gnolls (D:6)
  A howler monkey skeleton (D:5)
  11 adders
  An ooze (D:3)
  An adder zombie (D:5)
  3 worms
  2 dart slugs (D:4)
  5 leopard geckos
  12 orcs
  9 bats
  4 giant cockroaches
  11 goblins
  12 hobgoblins
  6 jackals (D:3)
  7 quokkas
  2 ball pythons
  6 frilled lizards
  2 hobgoblin zombies (D:5)
  13 kobolds
  2 orc zombies (D:5)
  8 rats
147 creatures vanquished.

Notes
Turn   | Place    | Note
-------+----------+-------------------------------------------
     0 | D:1      | Lorindel the Deep Elf Conjurer began the quest for the Orb.
     0 | D:1      | Reached XP level 1. HP: 10/10 MP: 6/6
   470 | D:1      | Reached XP level 2. HP: 14/16 MP: 6/8
   477 | D:1      | Learned a level 2 spell: Searing Ray
  1250 | D:2      | Reached XP level 3. HP: 20/20 MP: 7/10
  1255 | D:2      | Learned a level 3 spell: Dazzling Spray
  1794 | D:2      | Reached skill level 4 in Spellcasting
  1970 | D:2      | Reached skill level 1 in Fighting
  2112 | D:2      | Reached skill level 1 in Hexes
  2253 | D:3      | Reached XP level 4. HP: 25/25 MP: 7/12
  2650 | D:3      | Learned a level 4 spell: Force Lance
  2990 | D:3      | Noticed Gatuga's ghost (weakling DEEE)
  3031 | D:3      | Killed Gatuga's ghost
  3387 | D:3      | Reached XP level 5. HP: 24/29 MP: 10/14
  3463 | D:3      | Reached skill level 1 in Staves
  3504 | D:3      | Reached skill level 5 in Spellcasting
  4044 | D:4      | Reached skill level 1 in Translocations
  4045 | D:4      | Reached skill level 5 in Conjurations
  4045 | D:4      | Reached XP level 6. HP: 16/34 MP: 6/15
  4057 | D:4      | Learned a level 4 spell: Iskenderun's Mystic Blast
  4763 | D:4      | Found a deep blue altar of Sif Muna.
  4771 | D:4      | Became a worshipper of Sif Muna the Loreminder
  4808 | D:4      | Got a pair of warped boots
  4814 | D:4      | Identified the +1 pair of boots of Akholeny {Regen+ Str+3 Slay-3 Stlth+} (You found it on level 4 of the Dungeon)
  4913 | D:4      | Reached XP level 7. HP: 40/40 MP: 5/17
  5025 | D:4      | Reached skill level 6 in Spellcasting
  5675 | D:5      | Entered Level 5 of the Dungeon
  5980 | D:5      | Reached skill level 1 in Invocations
  6444 | D:5      | Reached XP level 8. HP: 34/45 MP: 8/20
  6547 | D:5      | Got a smoking long sword
  6649 | D:5      | Identified the +6 long sword of the Forgotten Stories {antimagic, rElec Dex+2} (You found it on level 5 of the Dungeon)
  6784 | D:6      | Reached skill level 5 in Stealth
  6856 | D:6      | Reached skill level 7 in Spellcasting
  6973 | D:6      | Reached * piety under Sif Muna
  7075 | D:6      | Killed from afar by an orc priest

Skill      XL: |  1  2  3  4  5  6  7  8 |
---------------+-------------------------+-----
Stealth        | 3 4 5 |  5.3
Spellcasting   | 4 5 6 7 |  7.4
Fighting       | 1 2 |  2.8
Hexes          | 1 2 3 |  3.6
Dodging        | 3 4 |  4.3
Staves         | 1 2 |  2.9
Translocations | 1 2 3 |  3.0
Conjurations   | 5 |  5.5
Invocations    | 1 2 |  2.2
Evocations     | |  0.4

Action                   |  1- 3 |  4- 6 |  7- 9 || total
-------------------------+-------+-------+-------++-------
Melee: Unarmed           |     5 |       |       ||     5
       Short sword       |    16 |       |       ||    16
       Dagger            |     2 |    94 |   119 ||   215
       Quarterstaff      |     2 |       |       ||     2
 Cast: Magic Dart        |    64 |    58 |    30 ||   152
       Searing Ray       |     3 |    25 |    29 ||    57
       Force Lance       |       |     2 |     2 ||     4
       Dazzling Spray    |       |     1 |     1 ||     2
       Iskenderun's Myst |       |     5 |    30 ||    35
  Use: Scroll            |     7 |     5 |     4 ||    16
       Potion            |       |     3 |       ||     3
 Stab: Sleeping          |     1 |       |       ||     1
       Invisible         |       |       |     1 ||     1
  Eat: Chunk             |     4 |     9 |    11 ||    24
Armor: Robe              |     6 |    36 |    35 ||    77
Dodge: Dodged            |    27 |   100 |   102 ||   229
